 Dungeon Crawl Stone Soup version 0.28-a0-178-ga708605c5b (webtiles) character file.

Game seed: 7212324623416042060

265 lunkers the Magician (level 6, -5/46 HPs)
             Began as a Djinni Earth Elementalist on Aug 17, 2021.
             Slain by Edmund (12 damage)
             ... on level 3 of the Dungeon.
             The game lasted 00:04:50 (3251 turns).

lunkers the Magician (Djinni Earth Elementalist)    Turns: 3251, Time: 00:04:51

Health: -5/46      AC:  2    Str:  7    XL:     6   Next: 44%
Gold:   122        EV: 12    Int: 18    God:
                   SH:  0    Dex: 14

rFire   + + .      SeeInvis .   l - +2 short sword (holy)
rCold   x . .      Faith    .   (no shield)
rNeg    . . .      Spirit   .   b - +0 robe
rPois   ∞          Reflect  .   (no helmet)
rElec   .          Harm     .   (no cloak)
rCorr   +          Rampage  .   (no gloves)
Will    .....                   (boots unavailable)
Stlth   ++........              (no amulet)
HPRegen 0.15/turn               j - ring of resist corrosion
MPRegen 0.00/turn               (no ring)

@: flying
A: sickness immunity, fire resistance 2, cold vulnerability 1, float, innate
caster, hp casting, extra vitality 1
a: no special abilities


You were on level 3 of the Dungeon.
You visited 1 branch of the dungeon, and saw 4 of its levels.

You collected 122 gold pieces.

Inventory:

Hand Weapons
 l - a +2 short sword of holy wrath (weapon)
Missiles
 c - 88 stones
Armour
 b - a +0 robe (worn)
Jewellery
 j - a ring of resist corrosion (left hand)
Wands
 e - a wand of flame (33)
Scrolls
 a - a scroll of immolation {unknown}
 d - 2 scrolls of teleportation {unknown}
 f - a scroll of noise {unknown}
 g - a scroll of enchant weapon {unknown}
 i - 3 scrolls of identify {unknown}
 k - a scroll of summoning {unknown}
Potions
 h - a potion of haste
 m - a potion of resistance {unknown}
 n - a potion of mutation {unknown}
 o - a potion of heal wounds
 p - a potion of brilliance {unknown}


   Skills:
 + Level 3.1 Fighting
 - Level 2.1 Dodging
 - Level 1.5 Stealth
 * Level 4.4 Spellcasting


You couldn't memorise any spells.
You knew the following spells:

 Your Spells              Type           Power      Damage    Failure   Level
a - Stone Arrow           Conj/Erth      40%        3d9       7%          3
b - Passwall              Tmut/Erth      16%        N/A       3%          2
c - Sandblast             Erth           40%        2d10      2%          1
d - Petrify               Tmut/Erth      20%        N/A       22%         4
e - Foxfire               Conj/Fire      80%        2x1d8     2%          1
f - Static Discharge      Conj/Air       20%        N/A       3%          2
Your spell library was empty.

Dungeon Overview and Level Annotations

Branches:
Dungeon (4/15)
 Temple: D:4-7

Altars:
Hepliaklqana
Qazlal
Xom

Shops:
D:3 (

Annotations:
D:3 Edmund


Innate Abilities, Weirdness & Mutations

You are immune to sickness and miasma.
You are immune to poison.
Your flesh is very heat resistant. (rF++)
You are vulnerable to cold. (rC-)
You float through the air rather than walking.
You learn spells naturally, not from books.
Your magical power is your life essence.
You have superior vitality. (+4 HP)


Message History

Confirm with . or Enter, or press ? or * to list all spells.
Okay, then.
Casting: Sandblast (safe; 2% risk of failure)
Confirm with . or Enter, or press ? or * to list all spells.
Aiming: Passwall (safe; 3% risk of failure)
Press: ? - help, Dir - move target A rock wall.
* * * LOW HITPOINT WARNING * * *
You begin to meditate on the wall.
You continue meditating on the rock.
Edmund hits you with a +0 flail of protection.
* * * LOW HITPOINT WARNING * * *
You continue meditating on the rock.
Edmund closely misses you.
You finish merging with the rock.
Unknown command.
Unknown command.
You see here a ball python skeleton.
You start resting.
Edmund shouts!
Edmund hits you with a +0 flail of protection.
* * * LOW HITPOINT WARNING * * *
Edmund clears his throat.
There is a hazy altar of Hepliaklqana here.
You see here a +0 whip.
Casting: Passwall (safe; 3% risk of failure)
Confirm with . or Enter, or press ? or * to list all spells.
You don't know that spell.
Casting: Passwall (safe; 3% risk of failure)
Confirm with . or Enter, or press ? or * to list all spells.
Aiming: Passwall (safe; 3% risk of failure)
Press: ? - help, Dir - move target A rock wall.
Edmund hits you with a +0 flail of protection!
* * * LOW HITPOINT WARNING * * *
You begin to meditate on the wall.
You continue meditating on the rock.
Edmund hits you with a +0 flail of protection!
* * * LOW HITPOINT WARNING * * *
You continue meditating on the rock.
Edmund hits you with a +0 flail of protection!
You die...

#.##.# #### ########.##.###...
################...##.......##...
.............##.....##.....###...
####....######.......#..##.###..)
..##)##.........._...#...........
###...########.......#..##..##...
##.....## ###@....###.##..##...
#.......### #.##@..##.#......####
...._.....# #.######.##......##..
#.......#.# #.##.#.#.##......##..
##.....##.###.##.#...##.....###..
##...##......##.###.##..#..# ##.
##.##.......##.# #.##..#†.####.
####.##.(.....##.# #.....#.......
.....####......#.# #.##..#..#####
##.### #......#.###.##.....#


You could see Edmund.

Vanquished Creatures
  Sigmund (D:3)
  4 adders
  A worm (D:2)
  2 dart slugs (D:1)
  An orc (D:3)
  4 bats (D:1)
  5 endoplasms
  3 giant cockroaches
  8 goblins
  5 hobgoblins
  A jackal (D:3)
  12 kobolds
  6 quokkas
  7 ball pythons
  6 frilled lizards
  3 rats
69 creatures vanquished.

Notes
Turn   | Place    | Note
-------+----------+-------------------------------------------
     0 | D:1      | lunkers the Djinni Earth Elementalist began the quest for
                  | the Orb.
     0 | D:1      | Reached XP level 1. HP: 15/15 MP: 0/0
   203 | D:1      | Reached XP level 2. HP: 20/22 MP: 0/0
   513 | D:1      | Reached skill level 1 in Fighting
   612 | D:1      | Reached XP level 3. HP: 26/27 MP: 0/0
   612 | D:1      | Learned a level 1 spell: Foxfire
   653 | D:1      | Reached skill level 3 in Spellcasting
  1166 | D:2      | Found a shimmering altar of Xom.
  1319 | D:2      | Reached XP level 4. HP: 31/33 MP: 0/0
  1921 | D:3      | Noticed Sigmund
  1942 | D:3      | Killed Sigmund
  1943 | D:3      | Reached skill level 4 in Spellcasting
  1943 | D:3      | Reached XP level 5. HP: 16/40 MP: 0/0
  1943 | D:3      | Learned a level 2 spell: Static Discharge
  1943 | D:3      | Reached XP level 6. HP: 18/46 MP: 0/0
  1989 | D:3      | Found Heack's Antique Weapon Emporium.
  2339 | D:3      | Found a hazy altar of Hepliaklqana.
  2414 | D:3      | Found a stormy altar of Qazlal.
  3004 | D:4      | Noticed Edmund
  3012 | D:3      | HP: 1/46 [Edmund (12)]
  3251 | D:3      | Slain by Edmund

Illustrated notes

Levels and vault maps discovered:
D:1:      dpeg_arrival_castle, layout_loops_ring, st_stairs_6, grunt_decor_cap
D:2:      kennysheep_big_flooded_room, layout_basic, basic_altar,
          kennysheep_decorative_pillar
D:3:      layout_basic, lemuel_round_altar, lemuel_round_altar, serial_shops,
          shop, uniq_sigmund
D:4:      layout_basic, nicolae_elyvilon_temple_path, serial_shops, shop,
          nicolae_inconvenience_store, nicolae_shop_gadgets, uniq_menkaure,
          uniq_edmund

Skill      XL: |  1  2  3  4 |
---------------+-------------+-----
Fighting       | 1 3 |  3.1
Spellcasting   | 3 4 |  4.4
Dodging        | |  2.1
Stealth        | |  1.5

Action                   |  1- 3 |  4- 6 || total
-------------------------+-------+-------++-------
 Cast: Sandblast         |    47 |    36 ||    83
       Stone Arrow       |       |    25 ||    25
       Passwall          |       |     2 ||     2
  Use: Potion            |       |     2 ||     2
Armor: Robe              |     2 |       ||     2
       Skin              |       |     5 ||     5
Dodge: Dodged            |     3 |     7 ||    10

Table legend: (Time is in decaauts)
 A = Elapsed time spent in this place.
 B = Non-inter-level travel time spent in this place.
 C = Inter-level travel time spent in this place.
 D = Time resting spent in this place.
 E = Time spent auto-exploring this place.
 F = Levels seen in this place.
 G = Mean time per level.
                   A        B        C        D        E       F      G
               +--------+--------+--------+--------+--------+-----+--------+
         Total |   3230 |   3152 |     78 |    407 |   2280 |   4 |  807.5 |
       Dungeon |   3230 |   3152 |     78 |    407 |   2280 |   4 |  807.5 |
               +--------+--------+--------+--------+--------+-----+--------+

Top non-repeatable levels by time:
     D:3: 1362 daAuts
     D:1: 1151 daAuts
     D:2: 711 daAuts
     D:4: 5 daAuts
